 Dungeon Sprint DCSS version 0.24-a0-170-gd8427f5 (webtiles) character file.

Game seed: 4281748920435884774

58 Dfrag the Firebug (level 4, -10/36 HPs)
             Began as a Naga Fire Elementalist on Mar 10, 2019.
             Splashed by an oklob sapling priest's acid (15 damage)
             ... in the Dungeon (Sprint IV: "Fedhas' Mad Dash").
             The game lasted 00:00:55 (692 turns).

Dfrag the Firebug (Naga Fire Elementalist)           Turns: 692, Time: 00:00:55

Health: -10/36     AC: -5    Str: 10    XL:     4   Next: 2%
Magic:  10/10      EV: 10    Int: 17    God:
Gold:   42         SH:  0    Dex: 11    Spells: 1/11 levels left

rFire    . . .     SeeInvis +   (no weapon)
rCold    . . .     Gourm    .   (no shield)
rNeg     . . .     Faith    .   a - +0 robe
rPois    +         Spirit   .   (no helmet)
rElec    .         Reflect  .   (no cloak)
rCorr    .         Harm     .   (no gloves)
MR       .....     NoTele   +   (no barding)
Stlth    ++........             (no amulet)
HPRegen  0.12/turn              (no ring)
MPRegen  0.12/turn              (no ring)

@: corroded, very slow
A: large, see invisible, deformed body, poison resistance, slowness 2, slow
metabolism 1, spit poison 1, AC +1
a: Spit Poison


You were in the Dungeon.
You were not hungry.

You visited 1 branch You collected 42 gold pieces.

Inventory:

Armour
 a - a +0 robe (worn)
Jewellery
 b - the amulet of invisibility {+Inv}
   (You found it in the Dungeon)

   [amulet of nothing]

   It lets you turn invisible.
Scrolls
 i - a scroll of blinking
Potions
 d - a potion of curing
 e - a potion of heal wounds
 f - a potion of haste
 g - 2 potions of magic
 h - a potion of berserk rage
Comestibles
 c - a ration


   Skills:
 - Level 1.5 Dodging
 - Level 3.0 Stealth
 + Level 4.3 Spellcasting
 + Level 4.2 Conjurations
 + Level 5.2 Fire Magic


You had one spell level left.
You knew the following spells:

 Your Spells              Type           Power        Failure   Level  Hunger
a - Flame Tongue          Conj/Fire      ###..        2%          1    None
b - Conjure Flame         Conj/Fire      ###.....     7%          3    ###....
c - Sticky Flame          Conj/Fire      ###.....     22%         4    ####...
e - Throw Flame           Conj/Fire      ###...       3%          2    ##.....

Your spell library contained the following spells:

 Spells                   Type           Power        Failure   Level  Hunger
 Inner Flame              Hex/Fire       ##......     16%         3    ###....
 Fireball                 Conj/Fire      ###.......   52%         5    ######.


Dungeon Overview and Level Annotations

Branches:
Dungeon (1/1)

Altars:
Cheibriados
Dithmenos
Elyvilon
Gozag
Hepliaklqana
Kikubaaqudgha
Makhleb
Nemelex Xobeh
Okawaru
Qazlal
Ru
Sif Muna
Trog
Uskayaw
Wu Jian
Xom
Yredelemnul
Zin
The Shining One
Beogh
Jiyva

Annotations:
D exclusion: oklob sapling


Innate Abilities, Weirdness & Mutations

You cannot wear boots.
Your serpentine skin is tough. (AC +1)
You have supernaturally acute eyesight. (SInv)
Armour fits poorly on your strangely shaped body.
Your system is resistant to poisons. (rPois)
You cover ground very slowly.
You have a slow metabolism.
You can spit poison.


Message History

You are no longer corroded.
You start resting.
Magic restored.
Really slither into a travel-excluded area?
There is an open door here.
You start resting.
HP restored.
Really slither into a travel-excluded area?
The oklob sapling priest looks braver for a moment.
There is an open door here.
Found three altars.
The oklob sapling priest spits acid at you.
The splash of acid hits you! The acid corrodes you!
You are splashed with acid!
* * * LOW HITPOINT WARNING * * *
Found two altars.
The oklob sapling priest spits acid at you.
The splash of acid hits you.
* * * LOW HITPOINT WARNING * * *
The acid corrodes you!
You are splashed with acid!
You die...

########################
P#.....#.....#.⌠._._._._
.'.(...'.#)[.'..@._._._.
P#.....#.#...#..._._P_._
###########+##.._._._._.
#._._._._._ ###########


You could see an oklob sapling priest.

Vanquished Creatures
  An oklob sapling (D)
  A worker ant (D)
  A river rat (D)
  A rat (D)
4 creatures vanquished.

Notes
Turn   | Place    | Note
-------+----------+-------------------------------------------
     0 | D        | Dfrag the Naga Fire Elementalist began the quest for the
                  | Orb.
     0 | D        | Reached XP level 1. HP: 15/15 MP: 3/3
     8 | D        | Reached XP level 2. HP: 22/22 MP: 2/5
    55 | D        | Noticed an oklob sapling
    56 | D        | Killed an oklob sapling
    56 | D        | Reached skill level 4 in Fire Magic
    56 | D        | Reached XP level 3. HP: 28/28 MP: 5/8
    61 | D        | Found the amulet of invisibility {+Inv}
    67 | D        | Reached skill level 5 in Fire Magic
    67 | D        | Reached XP level 4. HP: 13/36 MP: 1/10
   323 | D        | Learned a level 3 spell: Conjure Flame
   328 | D        | Learned a level 4 spell: Sticky Flame
   332 | D        | Learned a level 2 spell: Throw Flame
   333 | D        | Found an opulent altar of Gozag.
   333 | D        | Found a hazy altar of Hepliaklqana.
   333 | D        | Found a roughly hewn altar of Beogh.
   333 | D        | Found a snail-covered altar of Cheibriados.
   335 | D        | Found a burning altar of Makhleb.
   335 | D        | Found a sacrificial altar of Ru.
   335 | D        | Found a deep blue altar of Sif Muna.
   336 | D        | Found a sparkling altar of Nemelex Xobeh.
   336 | D        | Found a shimmering altar of Xom.
   336 | D        | Found a basalt altar of Yredelemnul.
   337 | D        | Found a viscous altar of Jiyva.
   337 | D        | Found a bloodstained altar of Trog.
   337 | D        | Found an ornate altar of the Wu Jian Council.
   337 | D        | Noticed an oklob sapling priest
   690 | D        | Found an iron altar of Okawaru.
   690 | D        | Found a shadowy altar of Dithmenos.
   690 | D        | Found a glowing silver altar of Zin.
   691 | D        | Found an ancient bone altar of Kikubaaqudgha.
   691 | D        | Found a hide-covered altar of Uskayaw.
   692 | D        | Found a stormy altar of Qazlal.
   692 | D        | Found a white marble altar of Elyvilon.
   692 | D        | Found a glowing golden altar of the Shining One.
   692 | D        | Splashed by an oklob sapling priest's acid

Levels and vault maps discovered:
D:        dungeon_sprint_fedhas [sprint_temple]

Skill      XL: |  1  2  3 |
---------------+----------+-----
Conjurations   | 2 3 4 |  4.2
Spellcasting   | 3 4 |  4.3
Fire Magic     | 4 5 |  5.2
Dodging        | |  1.5
Stealth        | |  3.0

Action                   |  1- 3 |  4- 6 || total
-------------------------+-------+-------++-------
Melee: Unarmed           |     2 |       ||     2
 Cast: Flame Tongue      |     7 |     1 ||     8
       Throw Flame       |       |    10 ||    10
 Abil: Spit Poison       |     2 |       ||     2
Armor: Robe              |     1 |       ||     1
Dodge: Dodged            |     1 |       ||     1

Table legend:
 A = Non-vault XP
 B = Vault XP
 C = Vault XP percentage of total XP
 D = Non-vault monster count
 E = Vault monster count
 F = Vault count percentage of total count
                 A         B        C        D         E       F
            +---------+---------+-------+---------+---------+-------
      Total |       0 |      84 | 100.0 |       0 |       4 | 100.0
            +---------+---------+-------+---------+---------+-------
          D |       0 |      84 | 100.0 |       0 |       4 | 100.0
            +---------+---------+-------+---------+---------+-------
